 Dungeon Crawl Stone Soup version 0.31.0-11-ge490571c62 (webtiles) character file.

Game seed: 4550686411667908088

58935 Bravepunisher the Champion of Chaos (level 14, -21/84 HPs)
             Began as a Spriggan Monk on Jan 29, 2024.
             Was the Champion of Makhleb.
             Killed from afar by a frost giant (50 damage)
             ... with a bolt of cold
             ... in an ice cave.
             The game lasted 01:16:32 (16034 turns).

Bravepunisher the Champion of Chaos (SpMo)         Turns: 16034, Time: 01:16:32

Health: -21/84     AC: 11    Str: 13    XL:     14   Next: 51%
Magic:  28/28      EV: 31    Int: 12    God:    Makhleb [******]
Gold:   2184       SH:  0    Dex: 25    Spells: 13/13 levels left

rFire   + . .        B - +6 rapier of the Sybil {heavy, rPois Dex+3}
rCold   . . .        (no shield)
rNeg    . . .        C - +3 steam dragon scales
rPois   +            (helmet restricted)
rElec   .            a - +1 cloak {rPois}
rCorr   .            (gloves unavailable)
SInv    +            (boots unavailable)
Will    ++...        s - amulet of regeneration
Stlth   ++           p - ring of protection from fire
HPRegen 1.14/turn    y - +6 ring of strength
MPRegen 0.21/turn

%: no passive effects
@: very quick
A: very small, no large weapons, unfitting armour, see invisible, speed 3,
hooves 1, robust 1, inability to read after injury 1
a: Renounce Religion, Minor Destruction, Lesser Servant of Makhleb, Major
Destruction, Greater Servant of Makhleb


You were in an ice cave.
You worshipped Makhleb.
Makhleb was exalted by your worship.
You visited 4 branches of the dungeon, and saw 20 of its levels.
You also visited: Bailey and Ice Cave.

You collected 2184 gold pieces.

Inventory:

Hand Weapons
 B - the +6 rapier of the Sybil (weapon) {heavy, rPois Dex+3}
   (You found it on level 7 of the Dungeon)

   Dex+3:     It affects your dexterity (+3).
   rPois:     It protects you from poison
Armour
 a - a +1 cloak of poison resistance (worn)
 C - +3 steam dragon scales (worn)
Jewellery
 e - a ring of poison resistance
 p - a ring of protection from fire (left hand)
 s - an amulet of regeneration (around neck)
 y - a +6 ring of strength (right hand)
Wands
 n - a wand of flame (21)
 r - a wand of quicksilver (5)
 D - a wand of paralysis (3)
 G - a wand of mindburst (9)
 J - a wand of polymorph (14)
 M - a wand of roots (9)
 N - a wand of digging (5)
Scrolls
 h - a scroll of blinking
 j - 3 scrolls of poison
 m - 9 scrolls of teleportation
 t - a scroll of identify
 u - 5 scrolls of enchant weapon
 x - 3 scrolls of fog
 A - 2 scrolls of revelation
 K - a scroll of fear
Potions
 b - a potion of berserk rage
 c - 5 potions of ambrosia
 d - 7 potions of curing
 f - a potion of invisibility
 g - 2 potions of cancellation
 i - a potion of resistance
 k - a potion of brilliance
 l - 2 potions of heal wounds
 o - a potion of might
 w - 3 potions of haste {unknown}
 z - a potion of enlightenment
 H - 2 potions of magic
 L - a potion of lignification
Miscellaneous
 F - a lightning rod (2/4)


   Skills:
 - Level 10.0 Fighting
 + Level 7.6 Short Blades
 - Level 5.6 Armour
 + Level 12.8 Dodging
 * Level 18.8 Invocations


You had 13 spell levels left.
You didn't know any spells.
Your spell library contained the following spells:

 Spells                   Type           Power      Damage    Failure   Level
 Apportation              Tloc           0%         N/A       32%         1
 Magic Dart               Conj           0%         1d3       32%         1
 Necrotise                Necr           0%         1d4       32%         1
 Sting                    Conj/Alch      0%         1d3       32%         1
 Summon Small Mammal      Summ           0%         N/A       32%         1
 Blink                    Tloc           0%         N/A       45%         2
 Call Imp                 Summ           0%         N/A       45%         2
 Cigotuvi's Dreadful Rot  Necr/Alch/Air  0%         N/A       45%         2
 Lesser Beckoning         Tloc           0%         N/A       45%         2
 Mercury Vapours          Alch/Air       0%         N/A       45%         2
 Momentum Strike          Conj/Tloc      0%         3d8       45%         2
 Animate Dead             Necr           0%         N/A       97%         4
 Dispel Undead            Necr           0%         3d6       97%         4
 Martyr's Knell           Necr/Summ      0%         N/A       97%         4
 Olgreb's Toxic Radiance  Alch           0%         N/A       97%         4
 Vhi's Electric Charge    Tloc/Air       0%         N/A       97%         4
 Arcjolt                  Conj/Air       0%         1d10      100%        5
 Summon Forest            Summ/Tloc      0%         N/A       100%        5
 Death Channel            Necr           0%         N/A       100%        6
 Eringya's Noxious Bog    Alch           0%         4d6       100%        6
 Haunt                    Necr/Summ      0%         N/A       100%        7
 Summon Hydra             Summ           0%         N/A       100%        7
 Infestation              Necr           0%         N/A       100%        8
 Maxwell's Capacitive Co  Air            0%         ∞         100%        8


Dungeon Overview and Level Annotations

Branches:
Dungeon (12/15)            Temple (1/1) D:4            Lair (5/5) D:10
 Shoals (0/4) Lair:2        Snake (0/4) Lair:2        Slime (0/5) Lair:4
    Orc (2/2) D:11            Elf (0/3) Orc:2        Bailey (visited)
  IceCv (1/1)

Altars:
Ashenzari
Cheibriados
Dithmenos
Elyvilon
Fedhas
Gozag
Hepliaklqana
Kikubaaqudgha
Makhleb
Nemelex Xobeh
Okawaru
Qazlal
Ru
Sif Muna
Trog
Uskayaw
Vehumet
Wu Jian
Xom
Yredelemnul
Zin
The Shining One

Shops:
D:5 (   D:6 *   Orc:2 ?*:

Portals:
Hell: Lair:5


Innate Abilities, Weirdness & Mutations

You are very small and have problems with some larger weapons.
You are too small for most types of armour.
You have supernaturally acute eyesight. (SInv)
You cover ground extremely quickly. (Speed+++)
You have large cloven feet.
You are robust. (+10% HP)
You occasionally lose the ability to read scrolls when taking damage.


Message History

Press: ? - help, Shift-Dir - straight line, f - polar bear
Aim: a polar bear The polar bear writhes in agony.
Your balrug gestures at the polar bear.
The polar bear is smitten.
You hit the frost giant but do no damage.
You kick the frost giant, but do no damage.
Your balrug gestures at the frost giant.
The pyre arrow hits the frost giant.
The frost giant hits you with a +2 battleaxe of freezing!
The frost giant freezes you.
Unknown command.
You hit the frost giant. You kick the frost giant.
The frost giant is lightly wounded.
The frost giant burns!
The frost giant hits you with a +2 battleaxe of freezing!!
The frost giant freezes you!
The frost giant hits your balrug with a +2 battleaxe of freezing!!
The frost giant freezes your balrug!
Your balrug dies!
Your balrug disappears in a puff of smoke!
Unknown command.
The frost giant burns!
The frost giant shakes off the sticky flame as it moves.
A demon appears!
Unknown command.
Aiming: Minor Destruction (0% risk of failure)
Press: ? - help, Shift-Dir - straight line, f - frost giant
Aim: a frost giant, wielding a +2 battleaxe of freezing (lightly wounded, ally target)
The zap hits the frost giant.
The frost giant is lightly wounded.
The zap hits the frost giant.
The frost giant is moderately wounded.
Your cacodemon gestures at the frost giant.
The bolt of devastation hits the frost giant!!
The frost giant's willpower is stripped away!
The frost giant points at you and mumbles some strange words.
The bolt of cold hits your cacodemon!!! The bolt of cold hits you!!!
Ouch! That really hurt!
You die...

#..#
##.##
#..#
##..#
#..##
#C##
#2.#
#..##
##@.#
#..#
##.## .
#..# #
#..# #
###
##.# #
#.##
#..#
###..#
#..#
##...##
##..#


You could see a frost giant (weak-willed, ally target) and a friendly cacodemon
(summoned).

Vanquished Creatures
  A hydra (Lair:5)
  4 two-headed ogres
  2 orc high priests (Orc:2)
  A sun demon (Lair:5)
  A skyshark (Lair:4)
  3 harpies (Lair:2)
  4 orc knights (Orc:2)
  A deep elf pyromancer (D:12)
  2 cyclopes
  2 orc sorcerers (Orc:2)
  An ugly thing (D:12)
  5 elephants (Lair:3)
  5 black mambas
  A kobold blastminer (Orc:2)
  2 orange demons (Lair:5)
  A gargoyle (D:12)
  8 cane toads
  A kobold demonologist (D:11)
  5 komodo dragons
  3 rime drakes
  An ice devil (Lair:5)
  4 trolls
  4 polar bears
  2 dream sheep (Lair:5)
  23 blink frogs
  A shadow (D:11)
  A slime creature (D:12)
  A vampire (D:11)
  52 yaks
  2 wyverns (Lair:2)
  A basilisk (Lair:4)
  6 wargs
  A chaos spawn (D:12)
  5 vampire mosquitoes
  3 nagas (Lair:2)
  2 steam dragons
  12 water moccasins
  2 hell hounds (Lair:5)
  15 orc warriors
  6 ogres
  A black bear (Lair:1)
  2 ice beasts
  A sky beast (D:8)
  7 wolves
  3 centaurs
  4 kobold brigands
  2 phantoms (D:5)
  15 bullfrogs
  A gnoll sergeant (D:10)
  4 wights (D:8)
  13 killer bees
  3 howler monkeys
  2 electric eels (D:10)
  A bombardier beetle (D:3)
  3 jellies
  4 hounds
  14 orc priests
  3 iguanas
  A gnoll bouda (D:5)
  22 orc wizards
  7 hell rats (Lair:3)
  6 gnolls
  10 adders
  A shadow imp (D:6)
  A white imp (D:8)
  4 ufetubi
  3 dart slugs
  A ribbon worm (D:3)
  90 orcs
  5 bats
  9 endoplasms
  3 giant cockroaches
  7 goblins
  5 hobgoblins
  6 ball pythons
  3 frilled lizards
  18 kobolds
  6 rats
488 creatures vanquished.

Vanquished Creatures (collateral kills)
  A hydra (Lair:5)
  A two-headed ogre (D:11)
  5 death yaks (IceCv)
  An arcanist (Lair:5)
  An orc knight (Orc:2)
  A deep elf pyromancer (D:9)
  5 orc sorcerers (Orc:2)
  A cyclops (Orc:2)
  An elephant (Lair:3)
  An ice statue (IceCv)
  An orange demon (Lair:5)
  A smoke demon (Lair:5)
  6 rime drakes
  A kobold demonologist (D:11)
  2 ice devils (Lair:5)
  2 polar bears (IceCv)
  4 yaks
  A wraith (D:11)
  4 wargs (Orc:2)
  2 hell hounds (Lair:5)
  An orc warrior (Orc:2)
  3 wolves (IceCv)
  2 kobold brigands (D:11)
  An orc priest (Orc:2)
  3 orc wizards
  9 orcs
61 creatures vanquished.

Vanquished Creatures (others)
  3 slime creatures (D:12)
3 creatures vanquished.

Grand Total: 552 creatures vanquished

Notes
Turn   | Place    | Note
-------+----------+-------------------------------------------
     0 | D:1      | Bravepunisher the Spriggan Monk began the quest for the
                  | Orb.
     0 | D:1      | Reached XP level 1. HP: 11/11 MP: 2/2
   185 | D:5      | Entered Level 5 of the Dungeon
   243 | D:4      | Found a staircase to the Ecumenical Temple.
   252 | Temple   | Entered the Ecumenical Temple
   266 | Temple   | Became a worshipper of Makhleb the Destroyer
   266 | Temple   | Reached * piety under Makhleb
   266 | Temple   | Reached ** piety under Makhleb
   383 | D:2      | Reached skill level 1 in Invocations
   383 | D:2      | Reached XP level 2. HP: 14/16 MP: 3/3
   486 | D:2      | Reached XP level 3. HP: 9/19 MP: 3/5
   541 | D:2      | Reached skill level 2 in Invocations
   721 | D:1      | Reached XP level 4. HP: 20/24 MP: 6/6
  1598 | D:3      | Reached skill level 5 in Dodging
  1610 | D:3      | Reached skill level 3 in Invocations
  1629 | D:3      | Reached *** piety under Makhleb
  1696 | D:3      | Reached XP level 5. HP: 28/28 MP: 8/8
  2242 | D:4      | Reached skill level 4 in Invocations
  2360 | D:4      | Reached XP level 6. HP: 31/33 MP: 10/10
  2471 | D:4      | Found a glowing silver altar of Zin.
  2977 | D:5      | Found Xuiblami's Weapon Shop.
  3088 | D:5      | Reached skill level 5 in Invocations
  3113 | D:5      | Reached XP level 7. HP: 37/37 MP: 10/12
  3397 | D:5      | Reached **** piety under Makhleb
  3833 | D:6      | Reached skill level 6 in Invocations
  4011 | D:6      | Found Ruewigg's Elemental Accessories.
  4256 | D:6      | Reached skill level 5 in Fighting
  4256 | D:6      | Reached skill level 7 in Invocations
  4277 | D:6      | Reached XP level 8. HP: 43/43 MP: 14/14
  4440 | D:6      | Found a sparkling altar of Nemelex Xobeh.
  4606 | D:7      | Reached skill level 8 in Invocations
  4624 | D:7      | Reached ***** piety under Makhleb
  4864 | D:7      | Identified the +6 rapier of the Sybil {heavy, rPois Dex+3}
  4924 | D:7      | Found a hide-covered altar of Uskayaw.
  5160 | D:8      | Found a shadowy altar of Dithmenos.
  5160 | D:8      | Found an opulent altar of Gozag.
  5160 | D:8      | Found a blossoming altar of Fedhas.
  5163 | D:8      | Found a bloodstained altar of Trog.
  5189 | D:8      | Found a flagged portal.
  5210 | D:8      | Reached skill level 9 in Invocations
  5225 | D:8      | Reached XP level 9. HP: 19/48 MP: 16/16
  5258 | D:8      | Reached skill level 5 in Short Blades
  5282 | D:8      | Reached skill level 10 in Invocations
  5350 | Bailey   | Entered a bailey
  5514 | D:8      | Reached skill level 1 in Armour
  5528 | D:8      | Found a stormy altar of Qazlal.
  5838 | D:9      | Found a white marble altar of Elyvilon.
  5838 | D:9      | Found an ancient bone altar of Kikubaaqudgha.
  5889 | D:9      | Noticed a two-headed ogre
  5905 | D:9      | Killed a two-headed ogre
  5906 | D:9      | Reached XP level 10. HP: 55/55 MP: 17/19
  5970 | D:9      | Noticed a deep elf pyromancer
  5979 | D:9      | Killed a deep elf pyromancer
  5980 | D:9      | Reached skill level 11 in Invocations
  6696 | D:9      | Found a glowing golden altar of the Shining One.
  6777 | D:10     | Entered Level 10 of the Dungeon
  6780 | D:10     | Found a staircase to the Lair.
  6833 | D:10     | Reached skill level 12 in Invocations
  7474 | D:11     | Noticed a smoke demon
  7475 | D:11     | Reached XP level 11. HP: 60/60 MP: 21/21
  7630 | D:11     | Found a staircase to the Orcish Mines.
  7681 | D:11     | Noticed a two-headed ogre
  7719 | D:11     | Killed a two-headed ogre
  7726 | D:11     | Reached ****** piety under Makhleb
  7727 | D:11     | Reached skill level 13 in Invocations
  7893 | D:11     | Noticed a two-headed ogre
  7909 | D:11     | Killed a two-headed ogre
  8199 | Lair:1   | Entered Level 1 of the Lair of Beasts
  8539 | Lair:1   | Reached skill level 5 in Armour
  8765 | Lair:1   | Reached skill level 14 in Invocations
  9275 | Lair:2   | Reached XP level 12. HP: 25/66 MP: 23/23
  9528 | Lair:2   | Found a staircase to the Shoals.
  9876 | Lair:2   | Found a staircase to the Snake Pit.
 10382 | Lair:3   | Reached skill level 15 in Invocations
 10717 | Lair:3   | Reached skill level 10 in Fighting
 11500 | Lair:5   | Entered Level 5 of the Lair of Beasts
 11508 | Lair:4   | Identified the +4 shortbow of the Shining Light {heavy,
                  | ^Contam Str+4 Int+3 SInv}
 11673 | Lair:4   | Reached skill level 16 in Invocations
 11689 | Lair:4   | Reached XP level 13. HP: 72/72 MP: 26/26
 11745 | Lair:4   | Found a staircase to the Slime Pits.
 13206 | Lair:5   | Gained mutation: You are dopey. (Int -2) [potion of
                  | mutation]
 13207 | Lair:5   | Lost mutation: You are dopey. (Int -2) [potion of mutation]
 13207 | Lair:5   | Gained mutation: You are clumsy. (Dex -2) [potion of
                  | mutation]
 13208 | Lair:5   | Lost mutation: You are clumsy. (Dex -2) [potion of
                  | mutation]
 13208 | Lair:5   | Gained mutation: You occasionally lose the ability to read
                  | scrolls when taking damage. [potion of mutation]
 13208 | Lair:5   | Gained mutation: You are robust. (+10% HP) [potion of
                  | mutation]
 13208 | Lair:5   | Gained mutation: You have large cloven feet. [potion of
                  | mutation]
 13251 | Lair:5   | Reached skill level 10 in Dodging
 13343 | Lair:5   | Reached skill level 17 in Invocations
 13383 | Lair:5   | Found a burning altar of Makhleb.
 13396 | Lair:5   | Found a gateway to Hell.
 13417 | Lair:5   | Identified the +7 glaive of Valiance {freeze, rElec rC+}
 13670 | Lair:5   | Identified the +0 ring mail "Sijodibb" {Int+5}
 14170 | Orc:1    | Entered Level 1 of the Orcish Mines
 14448 | Orc:2    | Entered Level 2 of the Orcish Mines
 14467 | Orc:2    | Noticed an orc warlord
 14467 | Orc:2    | Noticed an orc warlord
 14549 | Orc:2    | Found Jedoi's Assorted Antiques.
 14649 | Orc:2    | Found a staircase to the Elven Halls.
 14697 | Orc:2    | Paralysed by an orc sorcerer for 5 turns
 14727 | Orc:2    | Reached skill level 18 in Invocations
 14798 | Orc:2    | Reached XP level 14. HP: 36/84 MP: 28/28
 14866 | Orc:2    | Found Goetae's Magic Scroll Shop.
 15109 | Orc:2    | Found Enewn's Book Boutique.
 15853 | D:12     | Found a frozen archway.
 15878 | IceCv    | Entered an ice cave
 16016 | IceCv    | Noticed a frost giant
 16034 | IceCv    | Killed from afar by a frost giant

Illustrated notes

Levels and vault maps discovered:
D:1:      wander_arrival_desolate, layout_rooms
D:2:      layout_basic, grunt_decor_arrowhead, minmay_hexomino_r4
D:3:      layout_rooms
D:4:      layout_basic, old_standard_altar, minmay_temple_entry_poolview
D:5:      layout_basic, serial_shops, shop, lemuel_flame_loot_1
D:6:      layout_loops_ring, marbit_many_paths, nicolae_elemental_shop,
          kennysheep_generic_room_9
D:7:      layout_basic, mainiacjoe_overflow_surrounded_room
D:8:      layout_cave_pools, nicolae_qazlal_beasts_of_the_sky, minitemple,
          enter_bailey_2
D:9:      layout_basic, nicolae_tso_swordbearing_angel,
          mainiacjoe_overflow_divided_tiny
D:10:     layout_basic, lair_entry_dummy
D:11:     layout_roguey, hiddenorc2_lemuel, kennysheep_diamond
D:12:     kennysheep_demon_hangout, layout_loops_corners, portal_ice_cave_rime,
          special_room [special_room_orc], lemuel_flamethrower_2, uniq_erolcha
Temple:   chequers_temple_sunken
Lair:1:   layout_regular_city, beast_lair_carwin_1, serial_bayou_shore_b
Lair:2:   layout_chaotic_city, nicolae_shoals_entry_roost,
          alex1729_snake_entry_snake
Lair:3:   layout_cave_pods
Lair:4:   layout_cave_pods, nicolae_slime_entry_slimehenge
Lair:5:   evil_forest, layout_layer_cave, grunt_forest_small_clearing_treed,
          lemuel_fruit_tree, lemuel_fruit_fields, infiniplex_staircase_pool_2
Orc:1:    layout_caves
Orc:2:    st_orc_town, layout_diamond_mine, elf_legates
IceCv:    ice_cave_small_giant

Skill      XL: |  1  2  3  4  5  6  7  8  9 10 11 12 13 14 |
---------------+-------------------------------------------+-----
Invocations    | 1 2 3 4 5 7 9 10 12 14 16 18 | 18.8
Fighting       | 3 4 5 6 7 8 9 10 | 10.0
Dodging        | 5 8 11 12 | 12.8
Short Blades   | 4 5 6 7 |  7.6
Armour         | 2 3 5 |  5.6

Action                     |  1- 3 |  4- 6 |  7- 9 | 10-12 | 13-15 || total
---------------------------+-------+-------+-------+-------+-------++-------
  Melee: Short sword       |    21 |     9 |       |       |       ||    30
         Whip              |       |    15 |    21 |       |       ||    36
         Rapier            |       |     2 |    53 |   541 |   442 ||  1038
         War axe           |       |       |    72 |       |       ||    72
         Punch             |       |       |     1 |     7 |     4 ||    12
         Kick              |       |       |       |       |   136 ||   136
 Invoke: Minor Destruction |    40 |   127 |   126 |   275 |   262 ||   830
         Lesser Servant of |       |       |       |     4 |     8 ||    12
         Greater Servant o |       |       |       |       |     5 ||     5
  Evoke: Wand              |       |       |       |     1 |     7 ||     8
         Lightning rod     |       |       |       |       |     3 ||     3
    Use: Potion            |       |       |     2 |     4 |     5 ||    11
         Scroll            |       |       |       |    11 |    16 ||    27
   Stab: Sleeping          |       |       |     1 |     1 |       ||     2
         Distracted        |       |       |       |     1 |     4 ||     5
 Armour: Robe              |     9 |    12 |    60 |       |       ||    81
         Steam dragon scal |       |       |     8 |   309 |   232 ||   549
  Dodge: Dodged            |    27 |    34 |   150 |   719 |   822 ||  1752
